 Dungeon Crawl Stone Soup version 0.22-a0-443-g17c3723 (webtiles) character file.

1924 iamserjio the Cleaver (level 9, 0/93 HPs)
             Began as an Ogre Gladiator on May 31, 2018.
             Was a Follower of Okawaru.
             Slain by a gnoll
             ... wielding a +0 spear
              (6 damage)
             ... on level 6 of the Dungeon.
             The game lasted 00:16:53 (8872 turns).

iamserjio the Cleaver (Ogre Gladiator)              Turns: 8872, Time: 00:16:53

Health: 0/93       AC:  5    Str: 20    XL:     9   Next: 17%
Magic:  11/11      EV: 12    Int:  9    God:    Okawaru [*.....]
Gold:   281        SH:  0    Dex: 13    Spells: 8/8 levels left

rFire    . . .     SeeInvis .   a - +0 war axe
rCold    . . .     Gourm    .   (no shield)
rNeg     + . .     Faith    .   b - +0 robe
rPois    .         Spirit   .   c - +2 hat
rElec    .         Reflect  .   (no cloak)
rCorr    .         Harm     .   (gloves unavailable)
MR       +....                  (boots unavailable)
Stlth    +.........             r - amulet of rage
HPRegen  0.25/turn              t - ring of protection from magic
MPRegen  0.12/turn              u - ring of positive energy

@: lethally poisoned (0 -> -45), berserk cooldown, slowed, very slow
A: large, unfitting armour, tough skin 1
a: Heroism, Renounce Religion, Evoke Berserk Rage


You were on level 6 of the Dungeon.
You worshipped Okawaru.
Okawaru was aware of your devotion.
You were not hungry.

You visited 2 branches of the dungeon, and saw 7 of its levels.

You collected 281 gold pieces.

Inventory:

Hand Weapons
 a - a +0 war axe (weapon)
Missiles
 d - 3 throwing nets (quivered)
 k - 2 needles of sleeping
 x - 95 stones
Armour
 b - a +0 robe (worn)
 c - a +2 hat (worn)
Jewellery
 r - an amulet of rage (around neck)
 t - a ring of protection from magic (left hand)
 u - a ring of positive energy (right hand)
Wands
 y - a wand of random effects (26)
 E - a wand of paralysis (16)
Scrolls
 g - a scroll of immolation {unknown}
 h - 4 scrolls of teleportation
 i - 4 scrolls of amnesia
 j - a scroll of magic mapping {unknown}
 l - 2 scrolls of blinking
 n - 2 scrolls of remove curse
 q - a scroll of noise {unknown}
 C - a scroll of fog
Potions
 e - a potion of curing
 m - a potion of degeneration {unknown}
 p - 2 potions of might
 s - 2 potions of lignification
 v - a potion of brilliance {unknown}
 w - a potion of heal wounds {unknown}
 z - a potion of magic {unknown}
 A - a potion of haste {unknown}
 B - a potion of flight {unknown}
 F - a potion of berserk rage {unknown}
Comestibles
 f - 7 rations


   Skills:
 + Level 7.3 Fighting
 * Level 8.2 Axes
 - Level 2.0 Throwing
 + Level 5.5 Dodging
 + Level 3.0 Invocations
 + Level 2.7 Evocations


You had 8 spell levels left.
You didn't know any spells.
Your spell library contained the following spells:

 Spells                   Type           Power        Failure   Level  Hunger
 Magic Dart               Conj           #...         38%         1    ##.....
 Iskenderun's Mystic Bla  Conj           #.......     99%         4    #####..
 Fulminant Prism          Conj/Hex       #.........   99%         4    #####..
 Dazzling Spray           Conj/Hex       #.....       77%         3    ####...
 Force Lance              Conj/Tloc      #.......     99%         4    #####..
 Searing Ray              Conj           #.....       52%         2    ###....


Dungeon Overview and Level Annotations

Branches:
Dungeon (6/15)             Temple (1/1) D:5

Altars:
Ashenzari
Dithmenos
Hepliaklqana
Makhleb
Nemelex Xobeh
Okawaru
Qazlal
Ru
Sif Muna
Trog
Wu Jian
Xom
Yredelemnul
Zin
Lugonu


Innate Abilities, Weirdness & Mutations

You are too large for most types of armour.
You have tough skin. (AC +1)


Message History

The orc hits you with a flail.
* * * LOW HITPOINT WARNING * * *
The gnoll barely misses you. The gnoll hits you with a spear.
* * * LOW HITPOINT WARNING * * *
You see here a flail.
You are too berserk!
You feel a strong urge to attack something.
* * * LOW HITPOINT WARNING * * *
You feel sick. The gnoll barely misses you. The gnoll shaman barely misses you.
There is an open door, spattered with blood here.
* * * LOW HITPOINT WARNING * * *
You feel very sick.
You eat one of the 8 rations.
That ration really hit the spot!
You feel your anger nearly subside.
You are no longer berserk.
You are exhausted.
You feel yourself slow down.
* * * LOW HITPOINT WARNING * * *
You feel very sick.
The gnoll hits you from afar with a spear.
You die...

.# #.......#
#######.###.......###
....................
#####...zz######....###
#..(....# #........#
#....#######.########
#....#≈≈≈≈≈#.#
#....#§8§8≈#.#
#..o.g@.§..'.#
#...g#≈8.8≈###
#..g.#≈≈≈≈≈#
#...g#######
#......##+####
.....##.g.....#
...#####.......## .....
#....g...# ....
###...g....####


You could see a gnoll shaman, 2 gnolls and an orc.

Vanquished Creatures
  A two-headed ogre (D:6)
  2 orc warriors (D:6)
  A sky beast (D:5)
  A phantom (D:4)
  A centaur (D:5)
  2 ogres (D:4)
  A gnoll sergeant (D:5)
  A centaur zombie (D:5)
  An orc priest (D:6)
  A jelly (D:4)
  3 orc wizards
  A bullfrog skeleton (D:4)
  3 iguanas
  3 worker ants
  A hound skeleton (D:4)
  A worker ant zombie (D:6)
  5 gnolls
  4 adders
  2 oozes
  6 worms
  5 leopard geckos
  21 orcs
  2 ball pythons
  3 giant cockroaches
  9 goblins
  13 hobgoblins
  9 jackals
  10 kobolds
  3 quokkas
  5 bats
  7 frilled lizards
  2 leopard gecko skeletons (D:4)
  A quokka skeleton (D:6)
  12 rats
143 creatures vanquished.

Notes
Turn   | Place    | Note
-------+----------+-------------------------------------------
     0 | D:1      | iamserjio the Ogre Gladiator began the quest for the Orb.
     0 | D:1      | Reached XP level 1. HP: 22/22 MP: 1/1
   102 | D:1      | Reached XP level 2. HP: 16/29 MP: 2/2
  1092 | D:2      | Reached XP level 3. HP: 17/37 MP: 3/3
  1679 | D:2      | Found a faded altar of an unknown god.
  1693 | D:2      | Reached skill level 4 in Axes
  1693 | D:2      | Reached XP level 4. HP: 36/45 MP: 4/4
  3329 | D:3      | Reached XP level 5. HP: 50/54 MP: 5/5
  3351 | D:3      | Found a deep blue altar of Sif Muna.
  3759 | D:3      | Found a shadowy altar of Dithmenos.
  3765 | D:3      | Found a shimmering altar of Xom.
  4148 | D:4      | Reached skill level 5 in Axes
  4360 | D:4      | Reached XP level 6. HP: 62/63 MP: 6/6
  4588 | D:4      | Noticed a phantom
  4852 | D:4      | Killed a phantom
  4937 | D:4      | Found a bloodstained altar of Trog.
  4992 | D:4      | Reached skill level 5 in Fighting
  5008 | D:4      | Reached XP level 7. HP: 4/72 MP: 7/7
  5483 | D:4      | Reached skill level 6 in Axes
  5990 | D:5      | Entered Level 5 of the Dungeon
  6469 | D:5      | Found a staircase to the Ecumenical Temple.
  6545 | D:5      | Reached skill level 1 in Evocations
  7271 | Temple   | Entered the Ecumenical Temple
  7300 | Temple   | Became a worshipper of Warmaster Okawaru
  7366 | D:5      | Reached XP level 8. HP: 56/83 MP: 8/8
  7543 | D:5      | Found a stormy altar of Qazlal.
  7543 | D:5      | Found a basalt altar of Yredelemnul.
  7908 | D:6      | Noticed a two-headed ogre
  7917 | D:6      | Killed a two-headed ogre
  7917 | D:6      | Reached skill level 7 in Axes
  7917 | D:6      | Reached skill level 5 in Dodging
  7917 | D:6      | Reached * piety under Okawaru
  7917 | D:6      | Reached XP level 9. HP: 35/93 MP: 10/10
  7923 | D:6      | Reached skill level 8 in Axes
  8842 | D:6      | Found a sacrificial altar of Ru.
  8872 | D:6      | Slain by a gnoll

Vault maps used:
D:1:      evilmike_arrival_plus
D:2:      chequers_ecumenical_altar_island, solitary_fountain, st_stairs_8,
          lightli_corner_chamber
D:3:      amethyst_overflow_temple_binary, led_sif_book, first_ration,
          serial_park_tiny_2
D:4:      minmay_misc_feat_four_crosses, trog_butcher_becter
D:5:      gammafunk_temple_overflow_elements, temple_pool_b
D:6:      kennysheep_little_box
Temple:   corrupted_temple

Skill      XL: |  1  2  3  4  5  6  7  8  9 |
---------------+----------------------------+-----
Fighting       | 3 4 5 6 7 |  7.3
Dodging        | 3 4 5 |  5.5
Axes           | 4 5 6 7 8 |  8.2
Evocations     | 1 2 |  2.7
Invocations    | 2 3 |  3.0
Throwing       | |  2.0

Action                   |  1- 3 |  4- 6 |  7- 9 || total
-------------------------+-------+-------+-------++-------
Melee: War axe           |    92 |   193 |   167 ||   452
 Abil: Evoke Berserk Rag |       |       |     5 ||     5
  Use: Potion            |     1 |       |     2 ||     3
       Scroll            |       |       |    13 ||    13
 Stab: Sleeping          |       |     1 |     1 ||     2
  Eat: Chunk             |     2 |     8 |    11 ||    21
       Ration            |       |     1 |     2 ||     3
Armor: Robe              |    27 |    44 |    27 ||    98
Dodge: Dodged            |    57 |   141 |    81 ||   279

Table legend:
 A = Spawn XP
 B = Non-spawn XP
 C = Spawn XP percentage of total XP
 D = Spawn monster count
 E = Non-spawn monster count
 F = Spawn count percentage of total count
 G = Total turns spent on level
                    A         B        C        D         E        F      G
               +---------+---------+-------+---------+---------+-------+---------
         Total |       0 |    2749 |   0.0 |       0 |     143 |   0.0 |  8872
               +---------+---------+-------+---------+---------+-------+---------
           D:1 |       0 |      19 |   0.0 |       0 |      12 |   0.0 |  1069
           D:2 |       0 |      89 |   0.0 |       0 |      32 |   0.0 |  1411
           D:3 |       0 |     104 |   0.0 |       0 |      27 |   0.0 |  1719
           D:4 |       0 |     616 |   0.0 |       0 |      31 |   0.0 |  1791
           D:5 |       0 |     552 |   0.0 |       0 |      22 |   0.0 |  1783
           D:6 |       0 |    1369 |   0.0 |       0 |      19 |   0.0 |  1056
               +---------+---------+-------+---------+---------+-------+---------
